 Dungeon Crawl Stone Soup version 0.21.1-1-g345015fe64 (webtiles) character file.

25 Khress the Conjurer (level 2, 0/11 HPs)
             Began as a Felid Conjurer on Feb 21, 2018.
             Slain by Rerr's ghost (7 damage)
             ... on level 3 of the Dungeon on Apr 21, 2018.
             The game lasted 00:09:04 (1313 turns).

Khress the Conjurer (Felid Conjurer)                Turns: 1313, Time: 00:09:05

Health: 0/11       AC:  1    Str:  4    XL:     2   Next: 82%
Magic:  5/6        EV: 18    Int: 14    God:
Gold:   92         SH:  0    Dex: 18    Spells: 2/5 levels left
                                        Lives:  0   Deaths: 0

rFire    . . .     SeeInvis +   (weapon unavailable)
rCold    . . .     Gourm    .   (shield unavailable)
rNeg     . . .     Faith    .   (armour unavailable)
rPois    .         Spirit   .   (helmet unavailable)
rElec    .         Reflect  .   (cloak unavailable)
rCorr    .         Harm     .   (gloves unavailable)
MR       .....                  (boots unavailable)
Stlth    +++.......             (no amulet)
HPRegen  0.03/turn              (no ring)
MPRegen  0.10/turn              (no ring)

@: quick
A: very small, no armour, no weapons or thrown items, stealth, claws 1, fangs 3,
horns 1, see invisible, agile 1, carnivore, dopey 1, speed 1, shaggy fur 1, slow
metabolism 1, sharp paws
a: no special abilities


You were on level 3 of the Dungeon.
You were not hungry.

You visited 1 branch of the dungeon, and saw 3 of its levels.

You collected 92 gold pieces.

Inventory:

Armour
 f - a scarf of repulsion
 h - a +2 pair of gloves
Scrolls
 c - a scroll of magic mapping {unknown}
 d - a scroll of identify
 g - a scroll of teleportation {unknown}
Books
 a - a book of Conjurations

   Spells                             Type                      Level
   a - Magic Dart                     Conjuration                  1
   b - Searing Ray                    Conjuration                  2
   c - Dazzling Spray                 Conjuration/Hexes            3
   d - Fulminant Prism                Conjuration/Hexes            4
   e - Force Lance                    Conjuration/Translocation    4
   f - Iskenderun's Mystic Blast      Conjuration                  4
Comestibles
 b - a ration


   Skills:
 + Level 2.9 Dodging
 + Level 3.1 Stealth
 + Level 2.0 Spellcasting
 + Level 4.2 Conjurations


You had 2 spell levels left.
You knew the following spells:

 Your Spells              Type           Power        Failure   Level  Hunger
a - Magic Dart            Conj           ##..         4%          1    ##.....
b - Searing Ray           Conj           ##....       6%          2    ###....


Dungeon Overview and Level Annotations

Branches:
Dungeon (3/15)

Altars:

Annotations:
D:3 Rerr's ghost, weakling HuBe


Innate Abilities, Weirdness & Mutations

You cannot wear armour.
You are incapable of wielding weapons or throwing items.
Your paws allow you to move quietly. (Stealth)
You have sharp claws.
You have razor-sharp teeth.
You have supernaturally acute eyesight. (SInv)
You are carnivorous and can eat meat at any time.
You cover ground quickly.
You are covered in fur. (AC +1)
You have a slow metabolism.
Your sharp claws are effective at attacking unaware monsters.
You have a pair of small horns on your head.
You are agile. (Dex +2)
You are dopey. (Int -2)


Message History

The leopard gecko is heavily wounded.
The leopard gecko bites you.
You closely miss the leopard gecko.
Rerr's ghost turns its malevolent gaze towards you.
Your headbutt misses the leopard gecko.
The leopard gecko is heavily wounded.
The leopard gecko closely misses you.
You closely miss the leopard gecko.
You headbutt the leopard gecko, but do no damage.
The leopard gecko is heavily wounded.
The leopard gecko hisses menacingly.
The leopard gecko bites you. The leopard gecko closely misses you.
You barely miss the leopard gecko. You bite the leopard gecko.
The leopard gecko is severely wounded.
The leopard gecko closely misses you.
You scratch the leopard gecko.
You kill the leopard gecko!
You barely miss Rerr's ghost. Rerr's ghost hits you!
Ouch! That really hurt!
You die...

#### ....
#..# #..#
#..# #..#
#.<# #.@#
#..†W......
#...#######
#...# ....#
##.#.#
....#
..#.##


You could see Rerr's ghost.

Vanquished Creatures
  2 dart slugs (D:1)
  A leopard gecko (D:3)
  A ball python (D:1)
  2 giant cockroaches
  3 goblins (D:1)
  A hobgoblin (D:1)
  2 kobolds (D:1)
  4 bats
  3 rats (D:1)
19 creatures vanquished.

Notes
Turn   | Place    | Note
-------+----------+-------------------------------------------
     0 | D:1      | Khress the Felid Conjurer began the quest for the Orb.
     0 | D:1      | Reached XP level 1. HP: 7/7 MP: 4/4
   509 | D:1      | Reached XP level 2. HP: 11/11 MP: 3/6
   513 | D:1      | Learned a level 2 spell: Searing Ray
   629 | D:1      | Reached skill level 4 in Conjurations
  1254 | D:2      | Gained mutation: You have a pair of small horns on your head. [potion of mutation]
  1254 | D:2      | Gained mutation: You are dopey. (Int -2) [potion of mutation]
  1254 | D:2      | Gained mutation: You are agile. (Dex +2) [potion of mutation]
  1307 | D:3      | Noticed Rerr's ghost (weakling HuBe)
  1313 | D:3      | Slain by Rerr's ghost

Skill      XL: |  1  2 |
---------------+-------+-----
Stealth        | 3 |  3.1
Conjurations   | 4 |  4.2
Dodging        | |  2.9
Spellcasting   | |  2.0

Action                   || total
-------------------------++-------
Melee: Unarmed           ||    11
       Headbutt          ||     1
       Bite              ||     1
 Cast: Magic Dart        ||    12
       Searing Ray       ||    17
  Use: Scroll            ||     1
       Potion            ||     1
 Stab: Sleeping          ||     1
  Eat: Chunk             ||     1
Armor: Skin              ||     2
Dodge: Dodged            ||    18
